 Dungeon Crawl Stone Soup version 0.31-a0-889-g1a8549509d (webtiles) character file.

Game seed: 4376671920697895568

18406829 Flugkiller the Intangible (level 27, 149/149 HPs)
             Began as a Felid Shapeshifter on Oct 16, 2023.
             Was the Champion of Jiyva.
             Escaped with the Orb
             ... and 15 runes!
             The game lasted 02:25:36 (83068 turns).

Flugkiller the Intangible (Felid Shapeshifter)     Turns: 83068, Time: 02:25:36

Health: 149/149    AC: 18    Str: 19    XL:     27
Magic:  46/46      EV: 83    Int: 14    God:    Jiyva [******]
Gold:   12826      SH:  0    Dex: 31    Spells: 47/62 levels left
                                        Lives:  1   Deaths: 6

rFire   + .          .
                       - Unarmed
rCold   . . .        (shield unavailable)
rNeg    + + +        (body armour unavailable)
rPois   ∞            (helmet unavailable)
rElec   +            (cloak unavailable)
rCorr   +            (gloves unavailable)
SInv    +            (boots unavailable)
Will    +++++        T - amulet "Xicuukk" {Spirit rN++ Dex+2}
Stlth   +            c - ring "Nucsui" {rElec Str+5 Dex+6}
HPRegen 2.04/turn    V - ring of Seatoyke {rPois rF+ rN+ AC+4 Slay+2}
MPRegen 0.80/turn

%: random rage (3%), guardian spirit
@: storm-form, flying
A: cleaving, insubstantial, flying, very small, (claws 1), (fangs 3), see
invisible, (speed 1), (shaggy fur 3), (stealthy paws), no weapons or thrown
items, no armour, multi-lived, (horns 2), (large bone plates 1), berserk 1,
(cold resistance 3), strong-willed 1, wild magic 2, (translucent skin 3), (jelly
absorbing missiles), inability to drink after injury 1, inability to read after
injury 1
0: Orb of Zot
}: 15/15 runes: decaying, serpentine, slimy, silver, golden, iron, obsidian,
icy, bone, abyssal, demonic, glowing, magical, fiery, dark
a: Blinkbolt, Begin Untransformation, Renounce Religion, Oozemancy, Slimify


You escaped.
You worshipped Jiyva.
Jiyva was exalted by your worship.
You were a lightning-filled tempest!
You visited 18 branches of the dungeon, and saw 88 of its levels.
You visited Pandemonium 1 time, and saw 12 of its levels.
You visited the Abyss 5 times.
You also visited: Ossuary and Gauntlet.

You collected 31760 gold pieces.
You spent 9742 gold pieces at shops.
You paid 9192 gold pieces to Gozag.

Inventory:

Jewellery
 c - the ring "Nucsui" (left paw) {rElec Str+5 Dex+6}
   (You acquired it on level 2 of the Orcish Mines)

   [ring of dexterity]

   Str+5:     It affects your strength (+5).
   Dex+6:     It affects your dexterity (+6).
   rElec:     It insulates you from electricity.
 f - a ring of protection from fire
   (You found it on level 3 of the Crypt)
 j - the ring "Serousecho" {rC++ Will+ Dex-2}
   (You found it on level 5 of the Pits of Slime)

   [ring of willpower]

   Dex-2:     It affects your dexterity (-2).
   rC++:      It greatly protects you from cold.
   Will+:     It increases your willpower.
 p - a ring of protection from fire
   (You took it off a guardian mummy on level 2 of the Tomb of the Ancients)
 D - the amulet "Ufainikh" {Regen+ Slay+2}
   (You acquired it on level 2 of the Lair of Beasts)

   [amulet of regeneration]

   Slay+2:    It affects your accuracy & damage with ranged weapons and melee
   (+2).
   Regen+:    It increases your rate of health regeneration.
 T - the amulet "Xicuukk" (around neck) {Spirit rN++ Dex+2}
   (You took it off a deep elf zephyrmancer on level 3 of the Elven Halls)

   [amulet of guardian spirit]

   Spirit:    It causes incoming damage to be divided between your reserves of
   health and magic.
   Dex+2:     It affects your dexterity (+2).
   rN++:      It greatly protects you from negative energy.
 V - the ring of Seatoyke (right paw) {rPois rF+ rN+ AC+4 Slay+2}
   (You took it off a deep elf elementalist on level 3 of the Elven Halls)

   [ring of protection]

   AC+4:      It affects your AC (+4).
   Slay+2:    It affects your accuracy & damage with ranged weapons and melee
   (+2).
   rF+:       It protects you from fire.
   rPois:     It protects you from poison rN+: It protects you from negative
   energy.
Talismans
 Q - a storm talisman (active)
   (You bought it in a shop on level 5 of the Vaults)
 W - a dragon-blood talisman
   (You found it in Pandemonium)
Wands
 a - a wand of mindburst (33)
   (You found it on level 2 of the Vaults)
 e - a wand of polymorph (34)
   (You found it on level 6 of the Dungeon)
 A - a wand of flame (69)
   (You found it on level 9 of the Dungeon)
 C - a wand of paralysis (71)
   (You took it off an orc on level 9 of the Dungeon)
 F - a wand of acid (39)
   (You found it on level 11 of the Dungeon)
 N - a wand of roots (50)
   (You took it off Maurice on level 9 of the Dungeon)
 P - a wand of digging (32)
   (You found it on level 14 of the Dungeon)
Scrolls
 b - 5 scrolls of summoning
 r - 2 scrolls of fog
 t - a scroll of teleportation
 x - a scroll of silence
 y - 11 scrolls of vulnerability
 z - 11 scrolls of blinking
 H - 7 scrolls of torment
 I - 3 scrolls of revelation
 O - 4 scrolls of fear
 U - 9 scrolls of poison
 Y - 12 scrolls of immolation
Potions
 d - 10 potions of might
 g - 3 potions of ambrosia
 h - 2 potions of haste
 k - 6 potions of brilliance
 n - 5 potions of resistance
 o - 4 potions of enlightenment
 q - 12 potions of curing
 s - 4 potions of invisibility
 u - 4 potions of cancellation
 w - 8 potions of heal wounds
 B - 13 potions of mutation
 E - 9 potions of attraction
 G - 7 potions of lignification
 M - 4 potions of berserk rage
Miscellaneous
 i - the horn of Geryon
   (You took it off Geryon in the Vestibule of Hell)
 J - a phial of floods
   (You found it on level 12 of the Dungeon)
 K - a phantom mirror
   (You found it on level 13 of the Dungeon)
 L - a condenser vane
   (You found it on level 12 of the Dungeon)
 R - a sack of spiders
   (You found it in a Gauntlet)
 S - a lightning rod (4/4)
   (You found it in a Gauntlet)


   Skills:
 O Level 27 Fighting
 O Level 27 Dodging
 - Level 2.0 Stealth
 - Level 26.4 Unarmed Combat
 + Level 18.4 Spellcasting
 O Level 27 Necromancy
 - Level 15.0 Translocations
 - Level 10.0 Transmutations
 - Level 6.0 Evocations
 - Level 26.4 Shapeshifting


You had 47 spell levels left.
You knew the following spells:

 Your Spells              Type           Power      Damage    Failure   Level
a - Wereblood             Tmut           60%        N/A       1%          2
b - Manifold Assault      Tloc           73%        N/A       1%          4
c - Death's Door          Necr           48%        N/A       16%         9

Your spell library contained the following spells:

 Spells                   Type           Power      Damage    Failure   Level
 Apportation              Tloc           100%       N/A       1%          1
 Kiss of Death            Conj/Necr      100%       2d13      1%          1
 Necrotise                Necr           100%       1d9       1%          1
 Blink                    Tloc           100%       N/A       1%          2
 Cigotuvi's Dreadful Rot  Necr/Pois/Air  100%       N/A       1%          2
 Lesser Beckoning         Tloc           100%       N/A       1%          2
 Momentum Strike          Conj/Tloc      100%       3d10      1%          2
 Gell's Gravitas          Tloc           73%        N/A       1%          3
 Teleport Other           Tloc           73%        N/A       1%          3
 Vampiric Draining        Necr           96%        2d12      1%          3
 Anguish                  Hex/Necr       34%        N/A       1%          4
 Animate Dead             Necr           96%        N/A       1%          4
 Dispel Undead            Necr           96%        3d30      1%          4
 Passage of Golubria      Tloc           73%        N/A       1%          4
 Agony                    Necr           96%        N/A       1%          5
 Death Channel            Necr           48%        N/A       1%          6
 Sting                    Tmut/Pois      100%       1d8       2%          1
 Borgnjor's Vile Clutch   Necr/Erth      34%        N/A       2%          5
 Borgnjor's Revivificati  Necr           48%        N/A       2%          8
 Infestation              Necr           48%        N/A       2%          8
 Volatile Blastmotes      Fire/Tloc      100%       2d18      3%          3
 Dispersal                Tloc           36%        N/A       4%          6
 Iskenderun's Mystic Bla  Conj/Tloc      53%        2d11      6%          4
 Simulacrum               Ice/Necr       34%        N/A       8%          6
 Ignite Poison            Fire/Tmut/Pois 35%        N/A       9%          3
 Foxfire                  Conj/Fire      80%        2x1d8     11%         1
 Freeze                   Ice            80%        1d9       11%         1
 Magic Dart               Conj           80%        1d7       11%         1
 Shock                    Conj/Air       80%        1d8       11%         1
 Slow                     Hex            80%        N/A       11%         1
 Summon Small Mammal      Summ           80%        N/A       11%         1
 Petrify                  Tmut/Erth      43%        N/A       13%         4
 Summon Forest            Summ/Tloc      26%        N/A       13%         5
 Call Imp                 Summ           40%        N/A       16%         2
 Ensorcelled Hibernation  Hex/Ice        40%        N/A       16%         2
 Jinxbite                 Hex            40%        N/A       16%         2
 Poisonous Vapours        Pois/Air       40%        N/A       16%         2
 Scorch                   Fire           40%        2d6       16%         2
 Searing Ray              Conj           40%        2d5       16%         2
 Static Discharge         Conj/Air       40%        2-4/arc   16%         2
 Call Canine Familiar     Summ           20%        N/A       26%         3
 Confusing Touch          Hex            20%        N/A       26%         3
 Dazzling Flash           Conj/Hex       40%        N/A       26%         3
 Frozen Ramparts          Ice            40%        1d7       26%         3
 Inner Flame              Hex/Fire       20%        N/A       26%         3
 Ozocubu's Armour         Ice            20%        N/A       26%         3
 Sigil of Binding         Hex            20%        N/A       26%         3
 Stone Arrow              Conj/Erth      40%        3d9       26%         3
 Summon Guardian Golem    Hex/Summ       20%        N/A       26%         3
 Tukima's Dance           Hex            20%        N/A       26%         3
 Haunt                    Necr/Summ      34%        N/A       28%         7
 Alistair's Intoxication  Tmut/Pois      28%        N/A       30%         5
 Irradiate                Conj/Tmut      21%        3d18      30%         5
 Yara's Violent Unravell  Hex/Tmut       21%        3d10      30%         5
 Cause Fear               Hex            10%        N/A       58%         4
 Flame Wave               Conj/Fire      20%        2d7       58%         4
 Fulminant Prism          Conj/Hex       10%        3d9       58%         4
 Leda's Liquefaction      Hex/Erth       10%        N/A       58%         4
 Olgreb's Toxic Radiance  Pois           20%        N/A       58%         4
 Sticky Flame             Conj/Fire      20%        2d4       58%         4
 Summon Ice Beast         Ice/Summ       20%        N/A       58%         4
 Eringya's Noxious Bog    Tmut/Pois      21%        4d6       80%         6
 Fireball                 Conj/Fire      10%        3d6       88%         5
 Lee's Rapid Deconstruct  Erth           10%        3d8*      88%         5
 Metabolic Englaciation   Hex/Ice        10%        N/A       88%         5
 Silence                  Hex/Air        10%        N/A       88%         5
 Summon Mana Viper        Hex/Summ       20%        N/A       88%         5
 Conjure Ball Lightning   Conj/Air       10%        3x3d6     100%        6
 Plasma Beam              Fire/Air       10%        2x1d21    100%        6
 Starburst                Conj/Fire      10%        6d5       100%        6
 Summon Cactus Giant      Summ           10%        N/A       100%        6
 Monstrous Menagerie      Summ           10%        N/A       100%        7
 Ozocubu's Refrigeration  Ice            10%        4d9       100%        7
 Summon Hydra             Summ           10%        N/A       100%        7
 Discord                  Hex            10%        N/A       100%        8
 Lehudib's Crystal Spear  Conj/Erth      10%        10d4      100%        8
 Maxwell's Capacitive Co  Air            10%        ∞         100%        8
 Summon Horrible Things   Summ           10%        N/A       100%        8
 Chain Lightning          Conj/Air       10%        3d13      100%        9
 Dragon's Call            Summ           10%        N/A       100%        9
 Fire Storm               Conj/Fire      10%        8d3       100%        9
 Shatter                  Erth           10%        3d11*     100%        9
 Sublimation of Blood     Necr           Unusable   N/A       N/A         2
 Dimensional Bullseye     Hex/Tloc       Unusable   N/A       N/A         4
 Animate Armour           Summ/Erth      Unusable   N/A       N/A         4

Dungeon Overview and Level Annotations

Branches:
Dungeon (15/15)            Temple (1/1) D:4            Lair (5/5) D:8
  Swamp (4/4) Lair:2        Snake (4/4) Lair:2        Slime (5/5) Lair:4
    Orc (2/2) D:9             Elf (3/3) Orc:2        Vaults (5/5) D:13
  Crypt (3/3) Vaults:2       Tomb (3/3) Crypt:3      Depths (4/4) D:15
   Hell (visited)             Dis (7/7) Hell            Geh (7/7) Hell
    Coc (7/7) Hell            Tar (7/7) Hell            Zot (5/5) Depths:4
Ossuary (visited)         Gauntlet (visited)

Altars:
Ashenzari
Cheibriados
Dithmenos
Elyvilon
Fedhas
Gozag
Hepliaklqana
Kikubaaqudgha
Makhleb
Okawaru
Qazlal
Ru
Sif Muna
Trog
Uskayaw
Vehumet
Wu Jian
Xom
Yredelemnul
Zin
The Shining One
Jiyva

Shops:
D:6 (   D:10 **   Orc:2 ?!:(*   Elf:2 *   Elf:3 :   Lair:1 **   Lair:2 *
Snake:4 !*   Vaults:3 :[   Vaults:5 =   Depths:1 (*

Portals:
Hell: Depths:1 Depths:2 Depths:4
Abyss: Depths:3
Pandemonium: Depths:2
Ziggurat: Depths:1
Trove: D:13 (give 3 potions of resistance)

Annotations:
D:4 1 runed translucent door, Crazy Yiuf
D:8 exclusion: hornet
D:9 exclusion: oklob plant
Lair:1 exclusion: oklob plant
Lair:3 1 runed translucent door, Vuwiesed's ghost, journeyman DsSh
Lair:5 exclusion: door
Swamp:2 3 runed translucent doors, Matygoc's ghost, adept HaSk
Swamp:3 2 runed translucent doors, Syrassil's ghost, adept HOMo
Snake:1 Nikola
Slime:2 Dissolution
Slime:5 Royal Jelly
Elf:2 3 runed translucent doors
Depths:3 exclusion: orange crystal statue


Innate Abilities, Weirdness & Mutations

You are a lightning-filled tempest!
Your electrical attacks strike out in all directions at once.
You are incredibly evasive.
Your insubstantial body is immune to petrification, constriction, and being set on fire You are flying.
You are immune to poison.
((You have sharp claws.))
((You have razor-sharp teeth.))
You have supernaturally acute eyesight. (SInv)
((You cover ground quickly. (Speed+)))
((Your thick and shaggy fur keeps you warm. (AC +3, rC+)))
((Your paws help you pounce on unaware monsters.))
You are incapable of wielding weapons or throwing items.
You cannot wear armour.
You gain extra lives every three experience levels.
((You have a pair of horns on your head.))
((You are partially covered in large bone plates. (SH +4)))
You sometimes lose your temper in combat.
((Your flesh is almost immune to the effects of cold. (rC+++)))
You are strong-willed. (Will+)
Your spells are harder to cast, but more powerful.
((Your transparent skin significantly reduces your foes' accuracy. (Stealth+)))
((You have a small jelly attached to you that may absorb projectiles.))
You occasionally lose the ability to drink potions when taking damage.
You occasionally lose the ability to read scrolls when taking damage.


Message History

Unknown command.
Exos gestures.
Jiyva gurgles merrily.
There is a stone staircase leading up here.
You fly upwards.
There is a stone staircase leading down here.
Unknown command.
Unknown command.
There is a stone staircase leading up here.
You fly upwards.
There is a stone staircase leading down here.
A glowing orange brain comes into view.
The glowing orange brain trembles before you.
No target in view!
No target in view!
No target in view!
No target in view!
You swap places.
An Ice Fiend comes into view.
You buffet the Ice Fiend!
You punch the Ice Fiend!
The Ice Fiend is moderately wounded.
You batter the Ice Fiend!!
Lightning courses through the Ice Fiend!
You punch the Ice Fiend!
The Ice Fiend is severely wounded.
You blast the Ice Fiend!!!
You kill the Ice Fiend!
You hear a distant slurping noise.
There is a stone staircase leading up, spattered with blood here.
You fly upwards.
Level annotation: exclusion: oklob plant
There is a stone staircase leading down here.
You see here 6 stones.
You see here a +0 club.
Jiyva says: Divide and consume!
Items here: (( )))))).
There is a stone staircase leading up, spattered with blood here.
You hear a distant slurping noise. x2
You fly upwards.
Level annotation: exclusion: hornet
There is a stone staircase leading down here.
You see here a +0 ring mail.
Things that are here:
a +0 robe; a +1 dagger of protection
Items here: )) [[.
Jiyva gurgles merrily.
You hear a distant slurping noise.
You hear a distant slurping noise.
There is a stone staircase leading up here.
You fly upwards.
There is a stone staircase leading down here.
You see here a +0 hand axe.
There is an escape hatch in the ceiling here.
There is an open door here.
There is an open door here.
Items here: )) [[.
Things that are here:
a +0 robe; a +2 hand axe
There is an open door here.
There is a stone staircase leading up here.
You fly upwards.
There is a stone staircase leading down here.
There is a stone staircase leading up here.
You fly upwards.
There is a stone staircase leading down here.
There is a stone staircase leading up here.
You fly upwards.
Level annotation: 1 runed translucent door, Crazy Yiuf
There is a stone staircase leading down here.
A ynoxinul comes into view.
The ynoxinul gestures.
Unknown command.
There is a stone staircase leading up, spattered with blood here.
You see here a +0 dagger.
The ufetubus completely misses you. x2; The ynoxinul completely misses you.
You fly upwards.
The ufetubus disappears in a puff of smoke! x2
There is a stone staircase leading down here.
You batter the ynoxinul!!
The ynoxinul is severely wounded.
You hit the ynoxinul but do no damage. You punch the ynoxinul.
The ynoxinul is almost dead.
The ynoxinul gestures at you. The iron shot misses you.
You closely miss the ynoxinul.
The ynoxinul is almost dead.
You blast the ynoxinul!!!!
You kill the ynoxinul!
No target in view!
There is a stone staircase leading up here.
You fly upwards.
There is a stone staircase leading down here.
There is a stone staircase leading up here.
You fly upwards.
There is a stone staircase leading down here.
There is an open gate here.
There is a staircase leading out of the dungeon here.
Unknown command.
Enter note: gg You have escaped!

#.# #.# #.......##.####..#
#.# #.# ##...............#
#.# #.# #....####.####.##
#.# #.# #.#### #.# #.# #.#
###.####....####.####.## #.#
#..........>..........## #.#
#.#.#####...####.####.##
####.#####...######### #..#
#...
..##.......#.#..v..#####.###
#.##
.............##...##.......#
#.#
#.########.#.#.###.#####.#.#
#.## #.# #.#.#8'''8# #.#.#
#... #.# #.#.###.#######.#.#
#### #.# #.#.##..##......#.#
#.# #.#.##.###.######.# #.#
#####.................# #.#
#.........#####.#######


There were no monsters in sight!

Vanquished Creatures
  Cerebov (Pan)
  Antaeus (Coc:7)
  Asmodeus (Geh:7)
  Gloorx Vloq (Pan)
  Ereshkigal (Tar:7)
  Mnoleg (Pan)
  the Serpent of Hell (Coc:7)
  Dispater (Dis:7)
  Khufu (Tomb:3)
  6 dread liches
  2 orbs of fire (Zot:5)
  6 ancient liches
  Mennas (Pan)
  Mara (Vaults:4)
  2 juggernauts
  Josephina (Crypt:2)
  21 royal mummies
  12 shard shrikes
  3 Killer Klowns (Zot:5)
  Saint Roka (Depths:1)
  26 caustic shrikes
  A curse toe (Zot:2)
  Geryon (Hell)
  7 golden dragons
  4 profane servitors
  A doom hound (Tar:7)
  5 Tzitzimimeh (Tar:7)
  2 shard shrike zombies
  15 iron giants
  5 bone dragons
  4 Brimstone Fiends
  Jorgrun (Orc:1)
  An electric golem (Zot:5)
  10 Hell Sentinels
  2 pandemonium lords (Pan)
  6 hellephants
  20 Orb Guardians
  11 Ice Fiends
  14 tentacled monstrosities
  24 searing wretches
  14 tainted leviathans
  12 liches
  2 deep elf blademasters (Elf:3)
  19 titans
  11 sphinxes
  2 deep elf master archers (Elf:3)
  5 quicksilver dragons
  32 ancient champions
  21 Executioners
  A death cob (Zot:5)
  7 tentacled starspawn
  2 thorn hunters
  Gastronok (Lair:3)
  An eldritch tentacle (Pan)
  12 tengu reavers
  Aizul (Snake:4)
  3 revenants
  3 shadow dragons
  5 nagarajas (Snake:4)
  4 storm dragons
  Kirke (Swamp:3)
  4 draconian monks
  5 demonspawn warmongers (Pan)
  18 fire giants
  12 narguns
  12 vault wardens
  A draconian knight (Zot:1)
  6 frost giants
  4 spectral juggernauts
  11 iron dragons
  3 draconian scorchers
  6 deep elf sorcerers
  A ghost moth (shapeshifter) (Elf:3)
  8 quicksilver elementals
  6 shard shrike simulacra
  39 balrugs
  6 deep elf elementalists
  5 caustic shrike zombies
  2 ghost moths
  An orc warlord (Vaults:1)
  4 draconian shifters
  5 curse skulls
  4 ghouls
  8 cacodemons (Pan)
  4 spectral caustic shrikes
  A draconian stormcaller (Depths:4)
  17 ironbound preservers
  9 draconian annihilators
  37 war gargoyles
  4 demonspawn corrupters (Pan)
  25 very ugly things
  8 stone giants
  3 demonspawn blood saints (Pan)
  2 starflowers (Abyss:3)
  6 reapers
  13 vampire knights
  10 ironbound thunderhulks
  2 spriggan defenders (Depths:4)
  An ophan (Abyss:2)
  2 formless jellyfish
  5 eleionomae
  5 green draconians
  11 putrid mouths
  A deep elf demonologist (Elf:3)
  7 deep elf annihilators
  12 bennus
  4 lorocyprocas (Pan)
  6 purple draconians
  A minotaur (Gauntlet)
  17 elemental wellsprings
  6 black draconians
  3 demonspawn black suns (Pan)
  5 spectral titans (Depths:3)
  3 dire elephants (Vaults:4)
  4 white draconians
  14 wendigos
  A spark wasp (shapeshifter) (Vaults:5)
  8 bunyips
  6 yellow draconians
  9 red draconians
  A bunyip (shapeshifter) (Vaults:5)
  12 deep elf death magi
  5 green deaths (Pan)
  9 eidola
  6 blizzard demons
  6 crystal guardians
  29 iron golems
  7 starcursed masses
  A quicksilver dragon zombie (Hell)
  10 ettins
  9 jiangshi
  2 spectral golden dragons
  An entropy weaver (Vaults:2)
  4 spectral spriggans
  2 spectral quicksilver dragons (Depths:3)
  4 shambling mangroves (Swamp:4)
  13 mummy priests
  9 fire dragons
  5 great orbs of eyes
  12 yaktaur captains
  22 hydras
  4 deep elf high priests
  15 ice dragons
  9 salamander tyrants
  4 spectral sphinxes (Depths:3)
  4 spectral tengu (Depths:3)
  A spriggan zombie (Depths:1)
  4 rakshasas
  3 ghost crabs
  3 spriggan air magi
  3 hell beasts (Pan)
  8 caustic shrike simulacra
  3 ogre magi
  5 juggernaut simulacra
  6 centaur warriors
  Erolcha (D:11)
  2 spriggan skeletons
  30 vault guards
  9 ironbound frosthearts
  2 death knights
  4 peacekeepers (Vaults:4)
  A quicksilver dragon skeleton (Tomb:2)
  13 stokers
  15 anacondas
  11 alligators
  4 deep troll shamans
  16 naga warriors
  32 dancing weapons
  7 two-headed ogres
  A two-headed ogre (shapeshifter) (Elf:1)
  22 death yaks
  A sphinx skeleton (Vaults:3)
  5 boulder beetles
  38 death scarabs
  5 deep troll earth magi
  6 vampire magi
  6 spriggan berserkers
  5 tengu warriors
  A bennu skeleton (Crypt:1)
  9 demonic crawlers
  5 thrashing horrors
  A titan zombie (Crypt:3)
  7 shock serpents
  14 deep elf knights
  8 naga sharpshooters
  2 spectral dire elephants (Tar:1)
  39 hell hogs
  26 hell knights
  2 skysharks
  16 soul eaters
  40 sun demons
  A titan skeleton (Crypt:1)
  22 crystal echidnas
  An iron troll (Depths:4)
  A bunyip zombie (Tomb:1)
  A spectral storm dragon (Depths:3)
  A spectral bunyip (Tar:1)
  4 wretched stars
  4 salamander mystics
  A spectral death yak (Lair:5)
  19 shadow wraiths
  6 sixfirhies
  3 spectral spark wasps (Depths:3)
  6 goliath frogs
  7 sea snakes (Snake:4)
  7 naga ritualists
  2 death drakes
  3 glowing orange brains
  30 skeletal warriors
  7 quicksilver dragon simulacra
  A spark wasp zombie (Depths:1)
  4 flayed ghosts
  2 spriggan druids
  An anaconda zombie (Crypt:3)
  50 deep trolls
  7 shadow demons
  An obsidian statue (Lair:5)
  A spectral anaconda (Lair:5)
  11 deep elf archers
  11 swamp dragons
  A swamp dragon (shapeshifter) (D:15)
  6 bog bodies
  An orange crystal statue (Depths:3)
  3 spectral iron dragons (Depths:3)
  8 spriggan simulacra
  15 lindwurms
  12 orc knights
  2 anaconda skeletons
  13 phantasmal warriors
  2 alligator zombies (Hell)
  A fenstrider witch simulacrum (Coc:1)
  20 ironbound convokers
  8 wizards
  23 necromancers
  27 deep elf pyromancers
  A wolf spider (Vaults:5)
  23 deep elf zephyrmancers
  12 cyclopes
  An iron dragon zombie (Hell)
  13 mana vipers
  2 orc sorcerers
  4 oklob plants
  34 ugly things
  9 will-o-the-wisps
  A salamander (shapeshifter) (Depths:1)
  2 fire giant zombies (Depths:1)
  8 salamanders
  2 worldbinders (Abyss:2)
  8 moths of wrath
  3 manticores
  9 rust devils (Hell)
  39 black mambas
  A centaur zombie (Crypt:3)
  33 elephants
  An eye of devastation (Gauntlet)
  A frost giant skeleton (Crypt:1)
  15 vault sentinels
  A stone giant skeleton (Vaults:3)
  Maurice (D:9)
  A dire elephant zombie (Crypt:3)
  15 naga magi
  2 gargoyles (D:12)
  9 guardian serpents
  10 orange demons
  9 smoke demons
  3 titan simulacra
  An eye of devastation (shapeshifter) (Vaults:5)
  4 ice statues
  A dire elephant skeleton (Pan)
  2 shock serpent skeletons
  14 cane toads
  A centaur skeleton (Pan)
  An elf skeleton (Vaults:3)
  6 komodo dragons
  9 unseen horrors
  A yaktaur zombie (Vaults:4)
  A swamp worm zombie (Crypt:1)
  5 rime drakes
  19 yaktaurs
  A purple draconian zombie (Crypt:2)
  3 kobold demonologists
  8 freezing wraiths
  39 hellions
  9 tengu conjurers
  2 efreet
  A sea snake zombie (Hell)
  A white draconian zombie (Crypt:2)
  2 spectral nagas (Tar:1)
  20 guardian mummies
  2 red devils
  15 tormentors
  3 spectral glowing shapeshifters (Depths:3)
  3 ancient zymes (Abyss:2)
  2 iron giant simulacra
  2 yaktaur skeletons
  5 hellwings
  10 trolls
  5 hydra zombies
  6 ice devils
  3 golden dragon simulacra
  3 harpy zombies
  A silent spectre (Tar:6)
  A spectral harpy (Tar:6)
  A troll (shapeshifter) (Abyss:2)
  A shadow dragon simulacrum (Depths:3)
  6 meliai
  5 polar bears
  A tengu simulacrum (Depths:3)
  7 tyrant leeches
  A bloated husk (Swamp:3)
  A blink frog (shapeshifter) (D:9)
  A harpy skeleton (Crypt:1)
  20 hornets
  33 blink frogs
  19 large abominations
  A hydra skeleton (Pan)
  3 stone giant simulacra
  A raiju (shapeshifter) (D:12)
  A snapping turtle (shapeshifter) (Vaults:5)
  13 raiju (Abyss:2)
  31 slime creatures
  2 ettin skeletons
  2 shadows
  64 yaks
  An orc simulacrum (Crypt:2)
  An air elemental (Elf:3)
  2 wyverns
  2 black mamba skeletons
  2 fire bats (Pan)
  9 ushabtiu
  2 vampires (D:12)
  66 flying skulls
  14 spriggans
  12 water elementals
  A culicivora (shapeshifter) (Abyss:2)
  14 ynoxinuls
  7 dire elephant simulacra
  11 wraiths
  A naga simulacrum (Coc:7)
  5 hogs (Swamp:3)
  2 golden eyes (Gauntlet)
  15 neqoxecs
  Grum (D:10)
  6 fire elementals
  Eustachio (D:5)
  2 steam dragons
  15 vampire mosquitoes
  An alligator snapping turtle simulacrum (Coc:2)
  3 basilisks
  An elf simulacrum (Vaults:2)
  7 chaos spawn
  3 death yak simulacra (Lair:5)
  32 nagas
  10 wargs
  7 small abominations
  3 naga zombies
  2 hydra simulacra
  A glowing shapeshifter zombie (Vaults:4)
  9 swamp worms
  2 spectral cane toads (Lair:5)
  2 acid dragons (D:12)
  12 harpy simulacra
  2 floating eyes (Depths:3)
  18 water moccasins
  A hell hound (D:13)
  8 swamp drakes
  3 human zombies
  6 black bears
  38 orc warriors
  5 ice beasts
  An elephant zombie (Lair:5)
  An ettin simulacrum (Coc:3)
  2 black mamba simulacra
  A swamp dragon skeleton (Crypt:1)
  3 ogres
  15 wolves
  4 centaurs
  2 phantoms
  An elephant skeleton (Lair:5)
  6 human skeletons
  2 kobold brigands
  7 necrophages
  2 scorpions
  15 bullfrogs
  A cane toad simulacrum (Lair:5)
  4 earth elementals
  A gnoll sergeant (D:11)
  A glowing shapeshifter simulacrum (Depths:3)
  9 wights
  9 killer bees
  3 elephant simulacra (Lair:5)
  7 howler monkeys
  4 crimson imps (Pan)
  3 quasits (Abyss:2)
  13 orc priests
  5 hounds
  An iron imp (Abyss:2)
  A jelly (D:4)
  2 sleepcaps
  2 iguanas
  2 gnoll boudas
  21 orc wizards
  2 lightning spires (Swamp:3)
  An ogre skeleton (Crypt:2)
  40 mummies
  5 adders
  13 gnolls
  A shadow imp (Tar:7)
  A steam dragon skeleton (Crypt:1)
  2 white imps
  3 worms
  A dart slug (D:4)
  90 orcs
  13 bats
  3 bat zombies (D:12)
  9 endoplasms
  3 giant cockroaches
  5 goblins
  8 hobgoblins
  5 quokkas
  8 ball pythons
  3 frilled lizards
  3 hobgoblin zombies (Ossuary)
  19 kobolds
  2 kobold zombies (Ossuary)
  3 orc zombies (Ossuary)
  9 rats
  A rat skeleton (Crypt:2)
  A rat zombie (D:12)
  2 ball lightnings
  A creeping inferno (Geh:4)
  10 fire vortices
  4 starspawn tentacles
3320 creatures vanquished.

Vanquished Creatures (collateral kills)
  An iron giant (Dis:7)
  A Hell Sentinel (Dis:7)
  An Ice Fiend (Coc:7)
  A war gargoyle (Dis:7)
  A juggernaut simulacrum (Coc:7)
  A death scarab (Tomb:1)
  A tormentor (Dis:1)
  A guardian mummy (Tomb:2)
  A neqoxec (Pan)
  2 mummies (Tomb:2)
11 creatures vanquished.

Vanquished Creatures (others)
  A golden dragon (Vaults:5)
  2 titans (Coc:7)
  2 azure jellies (Coc:7)
  2 fire giants
  A vault warden (Vaults:5)
  2 shard shrike simulacra (Coc:3)
  A demonspawn corrupter (Pan)
  A deep elf annihilator (Pan)
  A bunyip (Swamp:4)
  An ettin (Depths:4)
  A great orb of eyes (Pan)
  2 caustic shrike simulacra (Coc:5)
  2 juggernaut simulacra (Coc:5)
  A shadow demon (Pan)
  A quicksilver dragon simulacrum (Coc:2)
  2 glowing orange brains (Pan)
  2 wizards (Pan)
  A spriggan simulacrum (Crypt:2)
  A shining eye (Pan)
  An eye of devastation (Abyss:2)
  A bloated husk (Swamp:3)
  A dire elephant simulacrum (Coc:6)
  6 golden eyes (Pan)
  2 fire bats (Pan)
  2 harpy simulacra
  A floating eye (Pan)
  A hydra simulacrum (Coc:3)
  99 jellies
  A quasit (Abyss:2)
  An orc (D:9)
  9 ball lightnings
  2 creeping infernos (Geh:4)
  4 fire vortices (Geh:4)
  18 foxfires
  13 starspawn tentacles
189 creatures vanquished.

Grand Total: 3520 creatures vanquished

Notes
Turn   | Place    | Note
-------+----------+-------------------------------------------
     0 | D:1      | Flugkiller the Felid Shapeshifter began the quest for the
                  | Orb.
     0 | D:1      | Reached XP level 1. HP: 9/9 MP: 2/2
   105 | D:1      | Reached XP level 2. HP: 12/12 MP: 3/3
   684 | D:1      | Reached XP level 3. HP: 15/15 MP: 4/4
  1705 | D:3      | Found a faded altar of an unknown god.
  1762 | D:3      | Reached skill level 5 in Unarmed Combat
  1762 | D:3      | Reached XP level 4. HP: 19/19 MP: 5/5
  2093 | D:3      | Reached skill level 1 in Stealth
  2496 | D:4      | Found a staircase to the Ecumenical Temple.
  2507 | Temple   | Entered the Ecumenical Temple
  2517 | Temple   | Became a worshipper of Gozag Ym Sagoz the Greedy
  2559 | D:4      | Found a sacrificial altar of Ru.
  2567 | D:4      | Reached XP level 5. HP: 22/22 MP: 6/6
  2587 | D:4      | HP: 1/22 [hound (3)]
  2744 | D:4      | Noticed a phantom
  2826 | D:4      | Slain by a gnoll
  2877 | D:4      | Noticed a phantom
  3135 | D:4      | Found a runed translucent door.
  3136 | D:4      | Noticed Crazy Yiuf
  3153 | D:4      | Found a glowing golden altar of the Shining One.
  3165 | D:4      | Found a radiant altar of Vehumet.
  3264 | D:4      | Gained mutation: You are covered in thick fur. (AC +2)
                  | [Felid growth]
  3264 | D:4      | Reached XP level 6. HP: 24/26 MP: 7/7
  3480 | D:4      | Found a hide-covered altar of Uskayaw.
  3486 | D:4      | Identified the +1 leather armour of Ralaihimn {rElec rPois
                  | rF+}
  3896 | D:5      | Entered Level 5 of the Dungeon
  3931 | D:5      | Found an ornate altar of the Wu Jian Council.
  4083 | D:5      | Found a burning altar of Makhleb.
  4089 | D:5      | Reached skill level 5 in Dodging
  4097 | D:5      | Noticed Eustachio
  4131 | D:5      | Killed Eustachio
  4132 | D:5      | Reached XP level 7. HP: 25/31 MP: 8/8
  4665 | D:6      | Reached skill level 1 in Evocations
  4983 | D:6      | Found a sand-covered staircase.
  5019 | Ossuary  | Entered an ossuary
  5521 | D:6      | Reached XP level 8. HP: 31/36 MP: 9/9
  5657 | D:6      | Found Wyhoaschoss's Antique Weapon Boutique.
  6665 | D:7      | Reached skill level 5 in Shapeshifting
  7164 | D:8      | Reached XP level 9. HP: 39/39 MP: 10/10
  7498 | D:8      | Found a staircase to the Lair.
  7739 | D:8      | Found a hazy altar of Hepliaklqana.
  7741 | D:8      | Found a stormy altar of Qazlal.
  7981 | D:8      | Reached skill level 10 in Dodging
  8115 | D:8      | Reached skill level 5 in Fighting
  8485 | D:9      | Reached XP level 10. HP: 45/45 MP: 11/11
  8498 | D:9      | Found a blossoming altar of Fedhas.
  8519 | D:9      | Noticed an oklob plant
  8687 | D:8      | HP: 2/45 [yak (11)]
  9265 | D:8      | Reached skill level 10 in Shapeshifting
  9408 | D:9      | Noticed a two-headed ogre
  9516 | D:9      | a two-headed ogre changed into a glowing shapeshifter
  9516 | D:9      | Noticed a glowing shapeshifter
  9517 | D:9      | a glowing shapeshifter changed into a torpor snail
  9517 | D:9      | Noticed a torpor snail (glowing shapeshifter)
  9520 | D:9      | a torpor snail changed into a skyshark
  9520 | D:9      | Noticed a skyshark (glowing shapeshifter)
  9522 | D:9      | a skyshark changed into a slime creature
  9523 | D:9      | a slime creature changed into a spark wasp
  9523 | D:9      | Noticed a spark wasp (glowing shapeshifter)
  9525 | D:9      | a spark wasp changed into a fire dragon
  9525 | D:9      | Noticed a fire dragon (glowing shapeshifter)
  9526 | D:9      | a fire dragon changed into a great orb of eyes
  9526 | D:9      | Noticed a great orb of eyes (glowing shapeshifter)
  9534 | D:9      | Paralysed by a great orb of eyes for 5 turns
  9538 | D:9      | a great orb of eyes changed into a komodo dragon
  9539 | D:9      | Demolished by a komodo dragon (glowing shapeshifter)
  9822 | D:9      | Noticed Maurice
  9874 | D:9      | Maurice stole a beast talisman
  9878 | D:9      | Maurice stole 629 gold
  9883 | D:9      | Maurice stole 418 gold
  9884 | D:9      | Maurice stole 47 gold
  9887 | D:9      | Killed Maurice
 10514 | D:9      | Found a staircase to the Orcish Mines.
 10547 | D:9      | Reached skill level 10 in Unarmed Combat
 10585 | D:9      | Paralysed by an orc for 4 turns
 10828 | D:10     | Entered Level 10 of the Dungeon
 11145 | D:10     | Found a bloodstained altar of Trog.
 11146 | D:10     | Found a broken altar of Ashenzari.
 11237 | D:10     | Noticed Grum
 11427 | D:10     | Killed Grum
 11428 | D:10     | Reached XP level 11. HP: 48/48 MP: 12/12
 11778 | D:10     | Found Ceud's General Store.
 11783 | D:10     | Found Zuttisch's Specific Store.
 11885 | D:10     | Found a snail-covered altar of Cheibriados.
 12442 | D:11     | Noticed Erolcha
 12460 | D:11     | Killed Erolcha
 12529 | D:11     | Found the +8 autumn katana {manifold assault}
 12685 | D:11     | Found a broken altar of Ashenzari.
 12869 | D:11     | Noticed Sonja
 12872 | D:11     | Sonja changed into Sonja the blink frog
 12872 | D:11     | Noticed Sonja
 12888 | D:11     | Killed Sonja the blink frog
 13358 | Lair:1   | Entered Level 1 of the Lair of Beasts
 13508 | Lair:1   | Bought a scroll of identify for 28 gold pieces
 13508 | Lair:1   | Bought a scroll of identify for 28 gold pieces
 13513 | Lair:1   | Bought a potion of haste for 120 gold pieces
 13540 | Lair:1   | Noticed an oklob plant
 14470 | Lair:1   | Killed from afar by an oklob plant
 14681 | Lair:2   | Found a staircase to the Snake Pit.
 14899 | Lair:2   | Bought a scroll labelled TOQOFA YNUIPHO for 21 gold pieces
 14899 | Lair:2   | Bought a scroll labelled YHEKIX ORCHUO for 21 gold pieces
 14899 | Lair:2   | Bought a sapphire ring for 105 gold pieces
 14998 | Lair:2   | Gained mutation: Your thick and shaggy fur keeps you warm.
                  | (AC +3, rC+) [Felid growth]
 14998 | Lair:2   | Reached XP level 12. HP: 41/52 MP: 13/13
 16061 | Lair:2   | Found a staircase to the Swamp.
 16119 | Lair:2   | Identified 2 scrolls of acquirement
 16119 | Lair:2   | Acquired the amulet "Ufainikh" {Regen+ Slay+2}
 16131 | Lair:2   | Acquired a manual of Unarmed Combat
 16667 | Lair:3   | Noticed a boulder beetle
 16692 | Lair:3   | Killed a boulder beetle
 16846 | Lair:3   | Noticed Gastronok
 16965 | Lair:3   | Noticed a death yak
 16979 | Lair:3   | Noticed a death yak
 17043 | Lair:3   | Killed Gastronok
 17239 | Lair:3   | Noticed a death yak
 17345 | Lair:3   | Noticed a death yak
 17374 | Lair:3   | Killed a death yak
 17396 | Lair:3   | Reached XP level 13. HP: 46/60 MP: 14/14
 17515 | Lair:3   | Reached skill level 10 in Fighting
 17852 | Lair:3   | Reached skill level 15 in Dodging
 17981 | Lair:3   | Found a runed translucent door.
 17982 | Lair:3   | Found a shimmering altar of Xom.
 17982 | Lair:3   | Noticed Vuwiesed's ghost (journeyman DsSh)
 18600 | Lair:3   | Reached skill level 15 in Unarmed Combat
 19043 | Lair:4   | Identified the amulet "Ugikk" {Faith rCorr}
 19413 | Lair:4   | Found a viscous altar of Jiyva.
 20003 | Lair:5   | Identified the "Jurublo"
 20003 | Lair:5   | Entered Level 5 of the Lair of Beasts
 20452 | Lair:5   | Reached XP level 14. HP: 64/67 MP: 15/15
 22580 | Orc:1    | Entered Level 1 of the Orcish Mines
 22580 | Orc:1    | Noticed Jorgrun
 22595 | Orc:1    | Killed Jorgrun
 22719 | Orc:1    | Paralysed by an ogre mage for 3 turns
 22811 | Orc:2    | Entered Level 2 of the Orcish Mines
 22857 | Orc:2    | Reached XP level 15. HP: 72/72 MP: 16/16
 23216 | Orc:2    | Reached skill level 5 in Evocations
 23420 | Abyss:2  | Cast into level 2 of the Abyss (orc warrior)
 24095 | Abyss:2  | Noticed a tentacled starspawn
 24118 | Abyss:2  | Killed a tentacled starspawn
 24239 | Abyss:2  | Noticed a tentacled starspawn
 24251 | Abyss:2  | Killed a tentacled starspawn
 24277 | Orc:2    | Escaped the Abyss
 24366 | Orc:2    | Found a staircase to the Elven Halls.
 24500 | Orc:2    | Found a bloodstained altar of Trog.
 24645 | Orc:2    | Found Torchie's Distillery.
 24645 | Orc:2    | Found Uquchar's Book Shop.
 24687 | Orc:2    | Bought a potion of heal wounds for 75 gold pieces
 24687 | Orc:2    | Bought a potion of heal wounds for 75 gold pieces
 24687 | Orc:2    | Bought a potion of invisibility for 120 gold pieces
 24805 | Orc:2    | Found Ucee's Weapon Emporium.
 24805 | Orc:2    | Found Qossis's Assorted Antiques.
 24901 | Orc:2    | Bought a bubbling dark potion for 32 gold pieces
 25185 | Orc:2    | Bought a scroll of acquirement for 624 gold pieces
 25185 | Orc:2    | Acquired the ring "Nucsui" {rElec Str+5 Dex+6}
 25761 | D:12     | Found an ancient bone altar of Kikubaaqudgha.
 26646 | D:13     | Learned a level 2 spell: Wereblood
 26965 | D:13     | Reached skill level 1 in Transmutations
 26965 | D:13     | Reached XP level 16. HP: 77/77 MP: 16/18
 27060 | D:13     | Found a gate to the Vaults.
 27073 | D:13     | Reached skill level 1 in Spellcasting
 27220 | D:13     | Found a portal to a secret trove of treasure.
 28147 | D:14     | Identified the ring of Teotric {rN+ rCorr Str-4 Dex+5}
 29221 | D:15     | Entered Level 15 of the Dungeon
 29458 | D:15     | Found a gate leading to a gauntlet.
 29462 | Gauntlet | Entered a Gauntlet
 29462 | Gauntlet | Found a transporter.
 29462 | Gauntlet | Found a transporter.
 29462 | Gauntlet | Found a transporter.
 29463 | Gauntlet | Found a transporter.
 29467 | Gauntlet | Found a transporter.
 29467 | Gauntlet | Found a transporter.
 29473 | Gauntlet | Found a runed translucent gate.
 29474 | Gauntlet | Found a transporter.
 29475 | Gauntlet | Found a transporter.
 29476 | Gauntlet | Found a runed translucent gate.
 29476 | Gauntlet | Found a transporter.
 29477 | Gauntlet | Found a runed translucent gate.
 29478 | Gauntlet | Found a transporter.
 29486 | Gauntlet | Found a transporter.
 29491 | Gauntlet | Found a transporter.
 29758 | Gauntlet | Identified the +2 pair of boots of Qyxenuuh {Drain Fly rC+
                  | Int+3}
 29810 | D:15     | Acquired 769 gold pieces
 30349 | D:15     | Found a staircase to the Depths.
 30680 | Snake:1  | Entered Level 1 of the Snake Pit
 30801 | Snake:1  | Reached skill level 5 in Transmutations
 31443 | Snake:1  | Noticed Nikola
 32022 | Snake:2  | Reached XP level 17. HP: 72/84 MP: 24/24
 32957 | Snake:2  | Reached skill level 15 in Fighting
 33403 | Snake:3  | Reached skill level 10 in Transmutations
 33729 | Snake:3  | Learned a level 4 spell: Manifold Assault
 33733 | Snake:4  | Entered Level 4 of the Snake Pit
 33767 | Snake:4  | Reached skill level 1 in Translocations
 34004 | Snake:4  | Noticed Aizul
 34018 | Snake:4  | Killed Aizul
 34842 | Snake:4  | Found a shimmering altar of Xom.
 35092 | Snake:4  | Reached skill level 5 in Translocations
 35585 | Snake:4  | Got a serpentine rune of Zot
 35724 | Snake:4  | Bought a potion of experience for 950 gold pieces
 35724 | Snake:4  | Bought a potion of heal wounds for 95 gold pieces
 35724 | Snake:4  | Bought 2 potions of heal wounds for 190 gold pieces
 35724 | Snake:4  | Bought a potion of mutation for 152 gold pieces
 35724 | Snake:4  | Bought a potion of cancellation for 152 gold pieces
 35725 | Snake:4  | Reached XP level 18. HP: 90/90 MP: 25/25
 35863 | Swamp:1  | Entered Level 1 of the Swamp
 36089 | Swamp:3  | Identified the of Pomoluxu
 36089 | Vaults:5 | Identified the "Mexup"
 36089 | Vaults:5 | Identified the of Zawoabboceil
 36089 | Vaults:5 | Identified the of Fuolob
 36089 | Vaults:5 | Identified the "Oreafain"
 36089 | Elf:1    | Identified the of Umepuyv
 36089 | Elf:1    | Entered Level 1 of the Elven Halls
 36167 | Elf:1    | Reached XP level 19. HP: 94/94 MP: 26/26
 37333 | Elf:2    | Found Aweig's Assorted Antiques.
 38157 | Elf:2    | Found a runed translucent gate.
 38158 | Elf:2    | Found a runed translucent gate.
 38158 | Elf:2    | Found a runed translucent gate.
 38269 | Elf:3    | Identified the "Seapp"
 38269 | Elf:3    | Identified the of Qaocw
 38269 | Elf:3    | Identified the of Ethry
 38269 | Elf:3    | Identified the "Put Anim"
 38269 | Elf:3    | Entered Level 3 of the Elven Halls
 38548 | Elf:3    | Found Sixeqiwi's Book Shop.
 38856 | Elf:3    | Identified the +6 trident of Abuse {antimagic, rElec rC+
                  | rN+ Str-2}
 38859 | Elf:3    | Identified the amulet "Xicuukk" {Spirit rN++ Dex+2}
 38861 | Elf:3    | Reached skill level 10 in Translocations
 38882 | Elf:3    | Identified the +1 robe of the Lost Ghosts {Harm rPois rF+
                  | Int-4}
 39431 | Elf:3    | Identified the ring of Weudd {rF+ Will- Int+5 Dex+3 SInv}
 39632 | Elf:3    | Identified the ring of Seatoyke {rPois rF+ rN+ AC+4 Slay+2}
 40974 | Elf:3    | Reached skill level 5 in Spellcasting
 41231 | Elf:3    | Identified the +4 hand axe of the Lesser Evil {spect,
                  | +Blink}
 41302 | Elf:3    | Identified the +9 chain mail "Put-Me-On" {rPois Int+8}
 41958 | Swamp:1  | Reached XP level 20. HP: 102/102 MP: 26/31
 42922 | Swamp:2  | Found a runed translucent gate.
 42922 | Swamp:2  | Found a runed translucent gate.
 42922 | Swamp:2  | Found a runed translucent gate.
 42922 | Swamp:2  | Noticed Matygoc's ghost (adept HaSk)
 43526 | Swamp:2  | Identified the +0 scale mail "Ceus" {Rampage Fly Regen+
                  | Str-5}
 43700 | Swamp:3  | Noticed Kirke
 43785 | Swamp:3  | Killed Kirke
 43802 | Swamp:3  | Reached skill level 10 in Spellcasting
 44951 | Swamp:3  | Identified the +8 quarterstaff of Nunopp {freeze, *Rage rF+
                  | rN++ Dex+4}
 44988 | Swamp:3  | Found a large runed translucent door.
 44988 | Swamp:3  | Found a large runed translucent door.
 44995 | Swamp:3  | Noticed Syrassil's ghost (adept HOMo)
 45246 | Swamp:4  | Entered Level 4 of the Swamp
 45984 | Swamp:4  | Got a decaying rune of Zot
 46991 | Vaults:1 | Entered Level 1 of the Vaults
 47369 | Vaults:1 | You fall into a shaft and drop 1 floor!
 47537 | Vaults:2 | Reached skill level 15 in Translocations
 48151 | Vaults:1 | Reached XP level 21. HP: 96/106 MP: 10/38
 48996 | Vaults:2 | Identified the +6 short sword of Regicide {drain, rF+++
                  | Str-2 Int-3 Dex+2}
 49014 | Vaults:2 | Found a staircase to the Crypt.
 49038 | Vaults:2 | Reached skill level 15 in Shapeshifting
 49494 | Vaults:2 | Gained mutation: Your magical capacity is low. (-10% MP)
                  | [mutagenic glow]
 49513 | Vaults:2 | Gained mutation: You sometimes lose your temper in combat.
                  | [mutagenic glow]
 49528 | Vaults:2 | Gained mutation: Your body sometimes deteriorates upon
                  | taking damage. [mutagenic glow]
 49786 | Vaults:2 | Lost mutation: Your body sometimes deteriorates upon taking
                  | damage. [potion of mutation]
 49786 | Vaults:2 | Lost mutation: Your magical capacity is low. (-10% MP)
                  | [potion of mutation]
 49786 | Vaults:2 | Lost mutation: You sometimes lose your temper in combat.
                  | [potion of mutation]
 49786 | Vaults:2 | Gained mutation: You expend magic power (3 MP) to
                  | strengthen your wands. [potion of mutation]
 49786 | Vaults:2 | Gained mutation: You have hidden genetic potential. [potion
                  | of mutation]
 49786 | Vaults:2 | Gained mutation: You have a pair of small antennae on your
                  | head. [potion of mutation]
 49786 | Vaults:2 | Gained mutation: You are partially covered in iridescent
                  | scales. (AC +2) [potion of mutation]
 50154 | Vaults:3 | Found Canue's Book Boutique.
 50535 | Vaults:3 | Found Tinodep's Antique Armour Shop.
 51480 | Vaults:4 | Reached XP level 22. HP: 110/110 MP: 39/39
 52057 | Vaults:4 | Noticed Mara
 52068 | Vaults:4 | Noticed Flugkiller's illusion
 52071 | Vaults:4 | Killed Mara
 52677 | Depths:1 | Entered Level 1 of the Depths
 52677 | Depths:1 | Noticed Saint Roka
 52677 | Depths:1 | Found a one-way gateway to a ziggurat.
 52700 | Depths:1 | Killed Saint Roka
 53194 | Depths:1 | Gained mutation: Your natural rate of healing is unusually
                  | fast. [hidden potential]
 53406 | Depths:1 | Found Big Baal Hell's Store.
 53429 | Depths:1 | Found a gateway to Hell.
 53655 | Depths:1 | Found Tucereom's Firing Range.
 53956 | Depths:2 | Found a one-way gate leading to the halls of Pandemonium.
 55200 | Depths:4 | Entered Level 4 of the Depths
 55343 | Depths:4 | Found a shimmering altar of Xom.
 55346 | Depths:4 | Found a hazy altar of Hepliaklqana.
 55346 | Depths:4 | Found a radiant altar of Vehumet.
 55348 | Depths:4 | Found a shimmering blue altar of Sif Muna.
 55348 | Depths:4 | Found an ancient bone altar of Kikubaaqudgha.
 55348 | Depths:4 | Found a white marble altar of Elyvilon.
 55429 | Depths:4 | Reached XP level 23. HP: 116/116 MP: 40/40
 55560 | Depths:4 | Noticed a juggernaut
 55572 | Depths:4 | Killed a juggernaut
 55904 | Depths:4 | Found a gate to the Realm of Zot.
 56357 | Depths:3 | Noticed a dread lich
 56360 | Depths:3 | Killed a dread lich
 56373 | Depths:3 | Gained mutation: You are partially covered in large bone
                  | plates. (SH +4) [hidden potential]
 56373 | Depths:3 | Lost mutation: You have hidden genetic potential. [hidden
                  | potential expressed]
 56703 | Depths:3 | Found a one-way gate to the infinite horrors of the Abyss.
 57135 | Depths:3 | Identified the +4 hand axe of Vinlaq {flame, rCorr}
 58032 | Vaults:5 | Entered Level 5 of the Vaults
 58221 | Vaults:5 | Found the +2 cloak of the Thief {*Fog Slay-2 SInv Stlth+}
 58237 | Vaults:5 | Noticed a dread lich
 58251 | Vaults:5 | Killed a dread lich
 58282 | Vaults:5 | Reached XP level 24. HP: 122/122 MP: 40/40
 58311 | Vaults:5 | Found the +2 shield of Resistance {rF++ rC++ Will++}
 58837 | Vaults:5 | Noticed an ancient lich
 58846 | Vaults:5 | Killed an ancient lich
 58973 | Vaults:5 | Noticed a dread lich
 58986 | Vaults:5 | Killed a dread lich
 59039 | Vaults:5 | Got a silver rune of Zot
 59541 | Vaults:5 | Bought a storm talisman for 1932 gold pieces
 60006 | Lair:4   | Found a staircase to the Slime Pits.
 60038 | Lair:4   | Fell from the grace of Gozag
 60038 | Lair:4   | Became a worshipper of Jiyva Jifoixos the Shapeless
 60412 | Crypt:1  | Entered Level 1 of the Crypt
 60422 | Crypt:1  | You are sucked into a shaft and drop 1 floor!
 60799 | Crypt:1  | Reached * piety under Jiyva
 61192 | Crypt:1  | Reached ** piety under Jiyva
 61595 | Crypt:2  | Identified the ring of Utras {Ice Contam Fly Int+2 Dex+8}
 61595 | Crypt:2  | Noticed Josephina
 61607 | Crypt:2  | Killed Josephina
 61884 | Crypt:3  | Entered Level 3 of the Crypt
 62125 | Crypt:3  | Reached *** piety under Jiyva
 62145 | Crypt:3  | Lost mutation: You have a pair of small antennae on your
                  | head. [Jiyva's grace]
 62145 | Crypt:3  | Gained mutation: You have a pair of small horns on your
                  | head. [Jiyva's grace]
 62145 | Crypt:3  | Gained mutation: You have a pair of horns on your head.
                  | [Jiyva's grace]
 62145 | Crypt:3  | Gained mutation: You have a pair of large horns on your
                  | head. [Jiyva's grace]
 62145 | Crypt:3  | Gained mutation: You passively map a small area around you.
                  | [Jiyva's grace]
 62190 | Crypt:3  | Reached XP level 25. HP: 127/127 MP: 40/40
 62208 | Crypt:3  | Found a staircase to the Tomb.
 62222 | Crypt:3  | Identified the staff of Forgiveness {Drain Will++ MP+9 SInv
                  | Conj}
 62495 | Crypt:3  | Found a basalt altar of Yredelemnul.
 62495 | Crypt:3  | Noticed a dread lich
 62501 | Crypt:3  | Killed a dread lich
 63265 | Zot:2    | Identified the "Meschogai"
 63265 | Zot:2    | Identified the "Wanuimon"
 63265 | Slime:1  | Entered Level 1 of the Pits of Slime
 63473 | Slime:2  | Found a viscous altar of Jiyva.
 63691 | Slime:5  | Identified the "Cus Nasa"
 63691 | Slime:5  | Identified the of Jicunk
 63691 | Slime:5  | Identified the "Fichua"
 63691 | Slime:5  | Entered Level 5 of the Pits of Slime
 63878 | Slime:5  | Noticed the Royal Jelly
 63880 | Slime:5  | Found a viscous altar of Jiyva.
 64323 | Tar:7    | Identified the "Justruigo"
 64323 | Coc:7    | Identified the "Vayn"
 64323 | Pan      | Entered Pandemonium
 64551 | Pan      | Noticed Loetaral the pandemonium lord
 64575 | Pan      | Killed Loetaral the pandemonium lord
 65062 | Pan      | Got a demonic rune of Zot
 65072 | Pan      | Identified the of Vehox
 65119 | Pan      | Identified the +3 mace "Punock" {heavy, *Corrode rPois
                  | rN+++ Dex-5}
 65130 | Pan      | Reached **** piety under Jiyva
 65261 | Pan      | Gained mutation: You occasionally lose the ability to read
                  | scrolls when taking damage. [a cacodemon]
 65298 | Pan      | Identified the of Cec Atabb
 65298 | Pan      | Identified the of Kyger
 65301 | Pan      | Entered the realm of Gloorx Vloq.
 65339 | Pan      | Noticed Mennas
 65372 | Pan      | Killed Mennas
 65621 | Pan      | Noticed Gloorx Vloq
 65752 | Pan      | Killed Gloorx Vloq
 65935 | Pan      | Got a dark rune of Zot
 66053 | Pan      | Entered the realm of Lom Lobon.
 66242 | Pan      | Noticed Lom Lobon
 66266 | Pan      | Got a magical rune of Zot
 66284 | Pan      | Killed from afar by Lom Lobon
 66308 | Pan      | Lost mutation: You have a pair of large horns on your head.
                  | [Jiyva's grace]
 66308 | Pan      | Lost mutation: You are partially covered in iridescent
                  | scales. (AC +2) [Jiyva's grace]
 66308 | Pan      | Lost mutation: You occasionally lose the ability to read
                  | scrolls when taking damage. [Jiyva's grace]
 66308 | Pan      | Gained mutation: You are mostly covered in large bone
                  | plates. (SH +6) [Jiyva's grace]
 66308 | Pan      | Gained mutation: You are completely covered in large bone
                  | plates. (SH +8) [Jiyva's grace]
 66308 | Pan      | Gained mutation: Your body has grown eyes which may confuse
                  | attackers. (Acc +3) [Jiyva's grace]
 66308 | Pan      | Gained mutation: Your body has grown many eyes which may
                  | confuse attackers. (Acc +5) [Jiyva's grace]
 66309 | Pan      | Reached ***** piety under Jiyva
 66408 | Pan      | Identified the of Dain
 66408 | Pan      | Identified the "Wecraps"
 66408 | Pan      | Entered the realm of Cerebov.
 66454 | Pan      | Noticed Lom Lobon
 66503 | Pan      | Found an exit through the horrors of the Abyss.
 66542 | Pan      | Found the +6 sword of Cerebov {flame}
 66542 | Pan      | Noticed Cerebov
 66579 | Pan      | Reached XP level 26. HP: 116/134 MP: 40/40
 66580 | Pan      | Killed Cerebov
 66591 | Pan      | Identified the ring of Fedhas, Witching {rF+ Int+6}
 66614 | Pan      | Identified the amulet of Jakhu {Spirit Will- Int+6}
 66730 | Pan      | Got a fiery rune of Zot
 66784 | Pan      | Entered the realm of Mnoleg.
 66843 | Pan      | Gained mutation: You are weak. (Str -2) [a neqoxec]
 66846 | Pan      | Noticed Mnoleg
 66871 | Pan      | Killed Mnoleg
 66884 | Pan      | Lost mutation: Your body has grown many eyes which may
                  | confuse attackers. (Acc +5) [a neqoxec]
 66908 | Pan      | Was forgiven by Gozag
 67006 | Pan      | Got a glowing rune of Zot
 67116 | Pan      | Found an exit through the horrors of the Abyss.
 67158 | Pan      | Noticed Meeces the pandemonium lord
 67172 | Pan      | Killed Meeces the pandemonium lord
 67243 | Pan      | Took an exit into the Abyss.
 67243 | Abyss:2  | Escaped into the Abyss
 67320 | Abyss:2  | Found a corrupted altar of Lugonu.
 67494 | Abyss:2  | Found a corrupted altar of Lugonu.
 67504 | Abyss:2  | Lost mutation: You have a pair of horns on your head.
                  | [Jiyva's grace]
 67504 | Abyss:2  | Lost mutation: You are completely covered in large bone
                  | plates. (SH +8) [Jiyva's grace]
 67504 | Abyss:2  | Lost mutation: You are weak. (Str -2) [Jiyva's grace]
 67504 | Abyss:2  | Gained mutation: You have a pair of horns on your head.
                  | [Jiyva's grace]
 67504 | Abyss:2  | Gained mutation: You have a pair of large horns on your
                  | head. [Jiyva's grace]
 67504 | Abyss:2  | Gained mutation: You are completely covered in large bone
                  | plates. (SH +8) [Jiyva's grace]
 67504 | Abyss:2  | Gained mutation: You have an increased reservoir of magic.
                  | (+10% MP) [Jiyva's grace]
 67529 | Depths:2 | Escaped the Abyss
 67571 | Depths:3 | Voluntarily entered the Abyss.
 67602 | Abyss:2  | Reached ****** piety under Jiyva
 67615 | Depths:3 | Escaped the Abyss
 67617 | Depths:3 | Voluntarily entered the Abyss.
 67658 | Abyss:2  | Found a corrupted altar of Lugonu.
 67752 | Depths:3 | Escaped the Abyss
 67754 | Depths:3 | Voluntarily entered the Abyss.
 67803 | Abyss:2  | Noticed an ancient lich
 67811 | Abyss:2  | Killed an ancient lich
 68038 | Abyss:3  | Found a corrupted altar of Lugonu.
 68038 | Abyss:3  | Found a corrupted altar of Lugonu.
 68056 | Abyss:3  | Got an abyssal rune of Zot
 68068 | Depths:3 | Escaped the Abyss
 68439 | Slime:2  | Noticed Dissolution
 68483 | Slime:5  | Identified the ring "Nikk" {Fire Str+2}
 68488 | Slime:5  | Identified the ring "Serousecho" {rC++ Will+ Dex-2}
 68508 | Slime:5  | Identified the ring "Ofew" {rCorr Dex+3}
 68520 | Slime:5  | Identified the +7 chain mail "Toclaupso" {rPois Str+2}
 68535 | Slime:5  | Identified the ring "Fiaresif" {Int+2 Dex+6}
 68546 | Slime:5  | Got a slimy rune of Zot
 68549 | Slime:5  | Identified the amulet of Filoeqi {RegenMP rN+}
 68950 | Hell     | Entered the Vestibule of Hell
 68950 | Hell     | Noticed Geryon
 68978 | Hell     | Killed Geryon
 69016 | Hell     | Found a gateway to the decaying netherworld of Tartarus.
 69024 | Tar:1    | Entered Level 1 of Tartarus
 69048 | Tar:1    | Noticed a dread lich
 69053 | Tar:1    | Paralysed by a dread lich for 3 turns
 69060 | Tar:1    | Killed a dread lich
 69061 | Tar:1    | Reached XP level 27. HP: 99/136 MP: 30/43
 69129 | Tar:1    | Lost mutation: You are completely covered in large bone
                  | plates. (SH +8) [Jiyva's grace]
 69129 | Tar:1    | Lost mutation: You passively map a small area around you.
                  | [Jiyva's grace]
 69129 | Tar:1    | Lost mutation: Your body has grown eyes which may confuse
                  | attackers. (Acc +3) [Jiyva's grace]
 69129 | Tar:1    | Gained mutation: Your flesh is cold resistant. (rC+)
                  | [Jiyva's grace]
 69129 | Tar:1    | Gained mutation: Your flesh is very cold resistant. (rC++)
                  | [Jiyva's grace]
 69129 | Tar:1    | Gained mutation: Your flesh is almost immune to the effects
                  | of cold. (rC+++) [Jiyva's grace]
 69129 | Tar:1    | Gained mutation: You have a small jelly attached to you
                  | that senses nearby items. [Jiyva's grace]
 69556 | Tar:7    | Entered Level 7 of Tartarus
 69564 | Tar:7    | Reached skill level 27 in Dodging
 69614 | Tar:7    | Learned a level 9 spell: Death's Door
 69662 | Tar:7    | Reached skill level 1 in Necromancy
 70069 | Tar:7    | Noticed Ereshkigal
 70111 | Tar:7    | Killed Ereshkigal
 70112 | Tar:7    | Reached skill level 5 in Necromancy
 70140 | Tar:7    | Got a bone rune of Zot
 70376 | Hell     | Found a gateway to the freezing wastes of Cocytus.
 70430 | Coc:1    | Entered Level 1 of Cocytus
 70743 | Coc:3    | Paralysed by a wendigo for 1 turns
 70777 | Coc:3    | You are sucked into a shaft and drop 1 floor!
 70777 | Coc:4    | Noticed an ancient lich
 70777 | Coc:4    | Lost mutation: You are mostly covered in large bone plates.
                  | (SH +6) [Jiyva's grace]
 70777 | Coc:4    | Gained mutation: You are partially covered in iridescent
                  | scales. (AC +2) [Jiyva's grace]
 70777 | Coc:4    | Gained mutation: You are mostly covered in iridescent
                  | scales. (AC +4) [Jiyva's grace]
 70777 | Coc:4    | Gained mutation: You are completely covered in iridescent
                  | scales. (AC +6) [Jiyva's grace]
 70777 | Coc:4    | Gained mutation: You are somewhat resistant to further
                  | mutation. [Jiyva's grace]
 70787 | Coc:4    | Killed an ancient lich
 70788 | Coc:4    | Reached skill level 10 in Necromancy
 70959 | Coc:5    | HP: 2/128 [shard shrike (12)]
 70960 | Coc:5    | Killed from afar by a wendigo
 71198 | Coc:7    | Entered Level 7 of Cocytus
 71198 | Coc:7    | Noticed an ancient lich
 71202 | Coc:7    | Killed an ancient lich
 71383 | Coc:7    | Noticed the Serpent of Hell
 71400 | Coc:7    | Killed the Serpent of Hell
 71436 | Coc:7    | Reached skill level 15 in Necromancy
 71567 | Coc:7    | Noticed Antaeus
 71601 | Coc:7    | Killed Antaeus
 71616 | Coc:7    | Got an icy rune of Zot
 71623 | Coc:7    | Identified the +2 pair of gloves "Runatina" {rN+ Will-
                  | rCorr Str+2}
 71843 | Coc:7    | Noticed a dread lich
 71848 | Coc:7    | Killed a dread lich
 72045 | Hell     | Found a gateway to the Iron City of Dis.
 72150 | Hell     | Found a gateway to the ashen valley of Gehenna.
 72179 | Geh:1    | Entered Level 1 of Gehenna
 73124 | Geh:7    | Entered Level 7 of Gehenna
 73219 | Geh:7    | Lost mutation: You have a pair of large horns on your head.
                  | [Jiyva's grace]
 73219 | Geh:7    | Lost mutation: You have a small jelly attached to you that
                  | senses nearby items. [Jiyva's grace]
 73219 | Geh:7    | Gained mutation: You are robust. (+10% HP) [Jiyva's grace]
 73219 | Geh:7    | Gained mutation: You are very robust. (+20% HP) [Jiyva's
                  | grace]
 73219 | Geh:7    | Gained mutation: You are extremely robust. (+30% HP)
                  | [Jiyva's grace]
 73219 | Geh:7    | Gained mutation: You are strong-willed. (Will+) [Jiyva's
                  | grace]
 73495 | Geh:7    | Found the +13 sceptre of Asmodeus
 73495 | Geh:7    | Noticed Asmodeus
 73516 | Geh:7    | Killed Asmodeus
 73584 | Geh:7    | Got an obsidian rune of Zot
 73797 | Dis:1    | Entered Level 1 of the Iron City of Dis
 74247 | Dis:4    | Noticed an ancient lich
 74253 | Dis:4    | Killed an ancient lich
 74841 | Dis:7    | Entered Level 7 of the Iron City of Dis
 74984 | Dis:7    | Reached skill level 27 in Necromancy
 74989 | Dis:7    | Lost mutation: You are completely covered in iridescent
                  | scales. (AC +6) [Jiyva's grace]
 74989 | Dis:7    | Lost mutation: You are mostly covered in iridescent scales.
                  | (AC +4) [Jiyva's grace]
 74989 | Dis:7    | Lost mutation: You are extremely robust. (+30% HP) [Jiyva's
                  | grace]
 74989 | Dis:7    | Gained mutation: You have a pair of large horns on your
                  | head. [Jiyva's grace]
 74989 | Dis:7    | Gained mutation: Your translucent skin slightly reduces
                  | your foes' accuracy. (Stealth+) [Jiyva's grace]
 74989 | Dis:7    | Gained mutation: Your translucent skin reduces your foes'
                  | accuracy. (Stealth+) [Jiyva's grace]
 74989 | Dis:7    | Gained mutation: Your transparent skin significantly
                  | reduces your foes' accuracy. (Stealth+) [Jiyva's grace]
 75072 | Dis:7    | Noticed a juggernaut
 75076 | Dis:7    | Noticed Dispater
 75078 | Dis:7    | Killed a juggernaut
 75095 | Dis:7    | Killed Dispater
 75108 | Dis:7    | Got an iron rune of Zot
 75301 | Depths:1 | Bought 10 scrolls of blinking for 4950 gold pieces
 75699 | Tomb:1   | Entered Level 1 of the Tomb of the Ancients
 76014 | Tomb:1   | Noticed a royal mummy
 76032 | Tomb:1   | Killed a royal mummy
 76055 | Tomb:1   | Gained mutation: Your spells are a little easier to cast,
                  | but a little less powerful. [mutagenic glow]
 76072 | Tomb:1   | Gained mutation: You occasionally lose the ability to drink
                  | potions when taking damage. [mutagenic glow]
 76125 | Tomb:1   | Identified the amulet "Gelosemp" {Faith rC+ rN+ Will+
                  | Dex-2}
 76338 | Tomb:2   | Noticed a royal mummy
 76339 | Tomb:2   | Noticed a royal mummy
 76366 | Tomb:2   | Noticed a royal mummy
 76367 | Tomb:2   | Noticed a royal mummy
 76375 | Tomb:2   | Was placed under penance by Jiyva
 76381 | Tomb:2   | Killed a royal mummy
 76381 | Tomb:2   | Killed a royal mummy
 76383 | Tomb:2   | Reached skill level 15 in Spellcasting
 76409 | Tomb:2   | Killed a royal mummy
 76414 | Tomb:2   | Killed a royal mummy
 77442 | Orc:2    | Bought a scroll of teleportation for 36 gold pieces
 77442 | Orc:2    | Bought a scroll of teleportation for 36 gold pieces
 78241 | Tomb:1   | Noticed a royal mummy
 78242 | Tomb:1   | Noticed a royal mummy
 78242 | Tomb:1   | Noticed a royal mummy
 78243 | Tomb:1   | Noticed a royal mummy
 78250 | Tomb:1   | Killed a royal mummy
 78254 | Tomb:1   | Killed a royal mummy
 78257 | Tomb:1   | Noticed a royal mummy
 78260 | Tomb:1   | Noticed a royal mummy
 78262 | Tomb:1   | Killed a royal mummy
 78278 | Tomb:1   | Killed a royal mummy
 78289 | Tomb:1   | Killed a royal mummy
 78316 | Tomb:1   | Killed a royal mummy
 78456 | Tomb:1   | Noticed a royal mummy
 78463 | Tomb:1   | Noticed a royal mummy
 78464 | Tomb:1   | Killed a royal mummy
 78473 | Tomb:1   | Killed a royal mummy
 78598 | Tomb:1   | Noticed a royal mummy
 78611 | Tomb:1   | Killed a royal mummy
 78612 | Tomb:1   | Noticed a royal mummy
 78613 | Tomb:1   | HP: 5/172 [royal mummy/divine providence (2)]
 78613 | Tomb:1   | Lost mutation: You have a pair of large horns on your head.
                  | [mutagenic glow]
 78624 | Tomb:1   | Killed a royal mummy
 78624 | Tomb:1   | Lost mutation: You are very robust. (+20% HP) [mutagenic
                  | glow]
 78639 | Tomb:1   | Gained mutation: Your spells are easier to cast, but less
                  | powerful. [mutagenic glow]
 78804 | Tomb:1   | Noticed a royal mummy
 78805 | Tomb:1   | Noticed a royal mummy
 78810 | Tomb:1   | Noticed a royal mummy
 78815 | Tomb:1   | Noticed a royal mummy
 78815 | Tomb:1   | Noticed a royal mummy
 78820 | Tomb:1   | Killed a royal mummy
 78820 | Tomb:1   | Killed a royal mummy
 78823 | Tomb:1   | Killed a royal mummy
 78824 | Tomb:1   | Killed a royal mummy
 78829 | Tomb:1   | Killed a royal mummy
 78858 | Tomb:1   | Gained mutation: You occasionally lose the ability to read
                  | scrolls when taking damage. [mutagenic glow]
 79066 | Tomb:1   | Gained mutation: You sometimes lose your temper in combat.
                  | [the all-consuming vengeance of Jiyva]
 79066 | Tomb:1   | Lost mutation: You are robust. (+10% HP) [the all-consuming
                  | vengeance of Jiyva]
 79362 | Tomb:3   | Entered Level 3 of the Tomb of the Ancients
 79371 | Tomb:3   | Noticed Khufu
 79371 | Tomb:3   | Noticed a royal mummy
 79371 | Tomb:3   | Noticed a royal mummy
 79371 | Tomb:3   | Noticed a royal mummy
 79371 | Tomb:3   | Noticed a royal mummy
 79371 | Tomb:3   | Noticed a royal mummy
 79371 | Tomb:3   | Noticed a royal mummy
 79375 | Tomb:3   | Killed Khufu
 79376 | Tomb:3   | Lost mutation: You have an increased reservoir of magic.
                  | (+10% MP) [mutagenic glow]
 79379 | Tomb:3   | Killed a royal mummy
 79380 | Tomb:3   | Noticed a royal mummy
 79382 | Tomb:3   | Noticed a royal mummy
 79386 | Tomb:3   | Got a golden rune of Zot
 79386 | Tomb:3   | Killed from afar by a royal mummy
 79387 | Tomb:3   | Found the +8 Vampire's Tooth {megavamp}
 79535 | Tomb:1   | Gained mutation: Potions are less effective at restoring
                  | your health. [the all-consuming vengeance of Jiyva]
 79535 | Tomb:1   | Gained mutation: Your spells are much easier to cast, but
                  | much less powerful. [the all-consuming vengeance of Jiyva]
 80051 | Zot:1    | Entered Level 1 of the Realm of Zot
 80519 | Zot:4    | Was forgiven by Jiyva
 80649 | Zot:4    | Identified the +10 battleaxe "Citeiser" {heavy, Str+3}
 81006 | Zot:4    | Lost mutation: You are partially covered in iridescent
                  | scales. (AC +2) [Jiyva's grace]
 81006 | Zot:4    | Lost mutation: You are somewhat resistant to further
                  | mutation. [Jiyva's grace]
 81006 | Zot:4    | Lost mutation: Your natural rate of healing is unusually
                  | fast. [Jiyva's grace]
 81006 | Zot:4    | Lost mutation: Potions are less effective at restoring your
                  | health. [Jiyva's grace]
 81006 | Zot:4    | Lost mutation: Your spells are much easier to cast, but
                  | much less powerful. [Jiyva's grace]
 81006 | Zot:4    | Lost mutation: Your spells are easier to cast, but less
                  | powerful. [Jiyva's grace]
 81006 | Zot:4    | Lost mutation: You expend magic power (3 MP) to strengthen
                  | your wands. [Jiyva's grace]
 81006 | Zot:4    | Gained mutation: You have a small jelly attached to you
                  | that may absorb projectiles. [Jiyva's grace]
 81006 | Zot:4    | Lost mutation: Your spells are a little easier to cast, but
                  | a little less powerful. [Jiyva's grace]
 81006 | Zot:4    | Gained mutation: Your spells are a little harder to cast,
                  | but a little more powerful. [Jiyva's grace]
 81006 | Zot:4    | Gained mutation: Your spells are harder to cast, but more
                  | powerful. [Jiyva's grace]
 81462 | Zot:4    | Identified the amulet "Qiupas" {Reflect Dex+6 SH+5}
 81750 | Zot:5    | Entered Level 5 of the Realm of Zot
 82386 | Zot:5    | Noticed an orb of fire
 82398 | Zot:5    | Killed an orb of fire
 82417 | Zot:5    | Noticed an orb of fire
 82423 | Zot:5    | Killed an orb of fire
 82425 | Zot:5    | Noticed an ancient lich
 82429 | Zot:5    | Killed an ancient lich
 82430 | Zot:5    | Reached skill level 27 in Fighting
 82497 | Zot:5    | Noticed an ancient lich
 82498 | Zot:5    | Got the Orb of Zot
 82819 | D:12     | Noticed Exos the pandemonium lord
 83067 | D:1      | gg
 83068 | D:$      | Escaped with the Orb!

Illustrated notes

#.# #.# #.......##.####..#
#.# #.# ##...............#
#.# #.# #....####.####.##
#.# #.# #.#### #.# #.# #.#
###.####....####.####.## #.#
#..........>..........## #.#
#.#.#####...####.####.##
####.#####...######### #..#
#...
..##.......#.#..v..#####.###
#.##
.............##...##.......#
#.#
#.########.#.#.###.#####.#.#
#.## #.# #.#.#8'''8# #.#.#
#... #.# #.#.###.#######.#.#
#### #.# #.#.##..##......#.#
#.# #.#.##.###.######.# #.#
#####.................# #.#
#.........#####.#######


Turn 83067 on D:1: gg

Levels and vault maps discovered:
D:1:      saegor_arrival_simple_c, layout_loops_ring, minivault_27, fountainhead
D:2:      layout_basic
D:3:      layout_loops_cross, hellmonk_ecumenical_altar_defaced_shrine
D:4:      layout_cave_pools, nicolae_uskayaw_dance_hall, lemuel_crystal_altar,
          mainiacjoe_overflow_paths, kennysheep_mini_moat,
          minmay_temple_entry_trees, minmay_quadrilaterals,
          uniq_crazy_yiuf_cottage
D:5:      layout_loops_ring, makhleb_heckhound_becter,
          mainiacjoe_overflow_alcove_4, uniq_eustachio
D:6:      layout_basic, gup_ossuary_entry_pyramid, serial_shops, shop,
          lightli_orcish_oven
D:7:      layout_basic, nicolae_overflow_hidden_temple, lemuel_flame_loot_1
D:8:      layout_basic, minitemple, lair_entry_dummy
D:9:      layout_rooms, tgw_fedhas, erik_orc_1, uniq_maurice
D:10:     layout_cave_pools, grunt_temple_overflow_open,
          mainiacjoe_overflow_brackets, minmay_crystal_water,
          nicolae_specific_store, kennysheep_nub, uniq_grum
D:11:     layout_stronghold, ashenzari_altar_1, uniq_erolcha, uniq_sonja
D:12:     minmay_the_grid_3x3 [minmay_the_grid_outer_diamond,
          minmay_the_grid_stretched_grid, minmay_the_grid_diamond_grid,
          minmay_the_grid_rooms, minmay_the_grid_expand,
          minmay_the_grid_minigrid_small_alt, minmay_the_grid_eight,
          minmay_the_grid_zigzag_pyramid,
          minmay_the_grid_prize_shrinking_boxes], layout_cave_pools,
          lemuel_zombie_altar_kikubaaqudgha
D:13:     layout_loops_cross, hellmonk_vaults_attempted_burglary, enter_trove_6,
          beargit_elvish_explorers
D:14:     layout_layer_cave, grunt_decor_resistance, kennysheep_dice
D:15:     gammafunk_enter_depths_forms, layout_loops_cross,
          gauntlet_entry_generic, serial_bayou_shore_a
Temple:   dpeg_three_leaves_temple
Lair:1:   layout_roguey, minmay_lair_oklob_bushes,
          chequers_serial_rivers_micro_b, st_stairs_4,
          infiniplex_staircase_pool_2
Lair:2:   layout_chaotic_city, skrybe_swamp_entry_bodies, dummy_snake_entry,
          beast_lair_carwin_8, serial_bayou_shore_b
Lair:3:   layout_cave_pods, ebering_ghost_xom, grunt_megastairs_3,
          uniq_gastronok
Lair:4:   layout_cave_pods, minmay_slime_entry_oklob_open
Lair:5:   due_jungle_book, layout_regular_city, grunt_forest_large_clearings
Swamp:1:  layout_basic_swamp, evilmike_swamp_ruin_rubble_2
Swamp:2:  layout_falls_marsh, gammafunk_ghost_split,
          evilmike_swamp_ruin_house_3, swamp_pool5
Swamp:3:  nzn_winding_woodlands_medium [nzn_winding_woodlands_5x5_closed_star,
          nzn_winding_woodlands_5x15_garden, nzn_winding_woodlands_5x5_three,
          nzn_winding_woodlands_5x5_open_star,
          nzn_winding_woodlands_center_diamonds,
          nzn_winding_woodlands_5x5_cross, nzn_winding_woodlands_hourglass,
          nzn_winding_woodlands_5x15_parted,
          nzn_winding_woodlands_5x5_perimeter], layout_basic_swamp,
          ebering_ghost_disaster_area, evilmike_swamp_ruin_house_4, swamp_pool1,
          hangedman_swamp_phenomena, uniq_kirke
Swamp:4:  swamp_alternative, layout_basic_swamp, infiniplex_staircase_pool
Snake:1:  layout_concentric_octagons, special_room,
          hangedman_snake_corridor_cut, grunt_megastairs_1,
          serial_bayou_shore_b, uniq_nikola
Snake:2:  layout_onion_interference, grunt_megastairs_4
Snake:3:  layout_cave_shapes
Snake:4:  grunt_snake_rune_pools, layout_cave_town, basic_altar,
          serial_bayou_pond_e, nicolae_coiled_stairwell_up,
          nicolae_triple_integral, uniq_aizul
Slime:1:  layout_caves
Slime:2:  layout_caves, basic_altar, uniq_dissolution
Slime:3:  layout_caves, cheibrodos_slime_lost_civilization_5
Slime:4:  layout_caves
Slime:5:  slime_pit
Orc:1:    layout_diamond_mine, uniq_jorgrun
Orc:2:    st_orc_town, layout_diamond_mine, basic_altar
Elf:1:    eino_elf_arrival_shootout, layout_geoelf_octagon,
          kennysheep_underground_church, st_stairs_6
Elf:2:    nicolae_elf_blades_crystal_corner, layout_geoelf_octagon,
          serial_shops, nicolae_shop_tiny_statue_garden
Elf:3:    grunt_elf_hall_diamonds, layout_onion_city, serial_shops,
          nicolae_shop_waterfront
Vaults:1: nicolae_vaults_tangram_2, nicolae_vaults_offset_grid_hallway_2,
          vaults_dpeg_emergency_exit, v_rooms_2, vaults_room_corners,
          ontoclasm_vaults_fault, v_alt_pattern_3, layout_vaults_big_room
Vaults:2: minmay_crypt_entry_nasty_monster, nicolae_vaults_closet_pinwheel_3,
          v_misc_8, nicolae_vaults_network_s,
          hangedman_vaults_stretched_pinwheel, nicolae_vaults_bisected_exclaves,
          nicolae_vaults_rhombus_7, nicolae_vaults_cochlea,
          vaults_mumra_hexcomb, nicolae_vaults_diamond_1, vaults_mumra_hex,
          st_lattice, nicolae_vaults_what_the_h,
          nicolae_vaults_little_squares_4, nicolae_vaults_house_1,
          nicolae_vaults_house_1, layout_vaults_omnibox
Vaults:3: nicolae_vaults_storage_closets_3, v_misc_5, vaults_mumra_lcd,
          hangedman_vaults_stitches, nicolae_vaults_tetromino_T_1,
          vaults_room_door_hall, vaults_mumra_chevron_long, v_misc_19,
          nicolae_vaults_trapezoid_lopsided_3, layout_vaults_big_cross,
          serial_shops, shop, shop
Vaults:4: ontoclasm_vaults_misaligned, ontoclasm_vaults_spin,
          nicolae_vaults_more_shelving_1, nicolae_vaults_storage_closets_2,
          nicolae_vaults_windows_and_doors_thing,
          nicolae_vaults_storage_room_doors, vaults_room_guarded_vault,
          layout_vaults_omnigrid, uniq_mara
Vaults:5
Crypt:1:  layout_gridlike, grunt_megastairs_5, grunt_crypt_arrival_webbed
Crypt:2:  dreamdust_cat_pyramid, layout_misc_corridors,
          serial_sigils_hangedman_carve, glass_columns_c, uniq_josephina
Crypt:3:  cryptofortress_bobbens
Tomb:1
Tomb:2
Tomb:3
Depths:1: layout_honeycomb, enter_ziggurat_a, nicolae_hell_entry_big_baal_hell,
          minivault_14, nicolae_shop_firing_range, uniq_saint_roka
Depths:2: minmay_thinvault, layout_gridville, serial_sigils,
          serial_sigils_hangedman_scar, serial_sigils_hangedman_scratch,
          serial_sigils_hangedman_gut, serial_sigils_hangedman_gnaw,
          serial_sigils_hangedman_gut, hell_entry, grunt_decor_mini_mirrors,
          grunt_pan_entry_spiral
Depths:3: lemuel_river_lethe, abyss_entry, hell_entry
Depths:4: grunt_zot_entry_pinwheel, layout_gridlike, pf_hell_entry_tar_spiral,
          minmay_misc_feat_tiny, doesnt_xom_only_xom
Hell
Dis:1:    layout_gridville, nicolae_dis_having_a_grate_time
Dis:2:    layout_gridville
Dis:3:    grunt_dis_stairs_iron_hall
Dis:4:    layout_overlapping_boxes
Dis:5:    layout_jigsaw
Dis:6:    layout_gridville
Dis:7:    dis_hangedman
Geh:1:    layout_gehenna_pools_triple
Geh:2:    layout_gehenna_pools_box
Geh:3:    layout_gehenna_pools_box
Geh:4:    layout_gehenna_lava_caves
Geh:5:    layout_gehenna_lava_caves, gehenna_fire_generator
Geh:6:    layout_gehenna_lava_caves
Geh:7:    evilmike_geh
Coc:1:    layout_cocytus_delve
Coc:2:    layout_ice_bergs
Coc:3:    layout_cocytus_water_paths
Coc:4:    layout_cocytus_delve, serial_ice, serial_ice_d, serial_ice_o,
          serial_ice_m, serial_ice_a, serial_ice_e
Coc:5:    layout_cocytus_delve
Coc:6:    layout_ice_bergs
Coc:7:    coc_grunt_cove [coc_grunt_cove_antaeus, coc_grunt_cove_fiend,
          coc_grunt_cove_fiend, coc_grunt_cove_fiend, coc_grunt_cove_fiend]
Tar:1:    layout_grid_maze
Tar:2:    layout_cathedral_of_symmetry
Tar:3:    layout_honeycomb
Tar:4:    layout_grid_maze
Tar:5:    layout_cathedral_of_symmetry
Tar:6:    layout_cathedral_of_symmetry
Tar:7:    tar_mu [tar_mu_maze]
Zot:1:    grunt_zot_stairs_mandelzot, layout_misc_corridors
Zot:2:    layout_concentric_octagons, grunt_ministairs_6
Zot:3:    layout_misc_corridors
Zot:4:    kennysheep_spiral_hall, layout_onion_interference,
          st_large_dragon_hoard_4
Zot:5:    layout_gridlike

Skill      XL: |  1  2  3  4  5  6  7  8  9 10 11 12 13 14 15 16 17 18 19 20 21 22 23 24 25 26 27 |
---------------+----------------------------------------------------------------------------------+-----
Unarmed Combat | 4 5 7 8 10 14 16 18 19 20 21 22 23 24 25 26 | 26.4
Stealth        | 2 |  2.0
Dodging        | 3 4 5 6 8 10 13 16 18 19 20 21 23 25 26 27 | 27.0
Fighting       | 2 3 4 6 9 11 12 14 15 17 18 19 20 21 22 27 | 27.0
Shapeshifting  | 4 6 8 10 14 18 20 22 24 25 26 | 26.4
Evocations     | 2 4 6 |  6.0
Transmutations | 1 7 10 | 10.0
Spellcasting   | 4 6 12 18 | 18.4
Translocations | 7 12 15 | 15.0
Necromancy     | 27 | 27.0

Action                     |  1- 3 |  4- 6 |  7- 9 | 10-12 | 13-15 | 16-18 | 19-21 | 22-24 | 25-27 || total
---------------------------+-------+-------+-------+-------+-------+-------+-------+-------+-------++-------
  Melee: Unarmed           |   119 |   161 |   305 |   827 |  1511 |   836 |  1428 |  1375 |  3145 ||  9707
         Bite              |    14 |    17 |    35 |   141 |   299 |   134 |   115 |   174 |       ||   929
         Punch             |     1 |     5 |     9 |     1 |       |   108 |   166 |   270 |   641 ||  1201
         Constrict         |       |       |       |       |       |     9 |       |       |       ||     9
   Cast: Wereblood         |       |       |       |       |       |     2 |     2 |     6 |    31 ||    41
         Manifold Assault  |       |       |       |       |       |       |   444 |    97 |   302 ||   843
         Death's Door      |       |       |       |       |       |       |       |       |     8 ||     8
 Invoke: Call Merchant     |       |       |       |     3 |     1 |     2 |       |     1 |       ||     7
         Potion Petition   |       |       |       |       |     2 |     3 |       |     1 |       ||     6
         Slimify           |       |       |       |       |       |       |       |       |     1 ||     1
Ability: Blinkbolt         |       |       |       |       |       |       |       |       |     2 ||     2
  Evoke: Wand              |       |     4 |     4 |    17 |    10 |     1 |     2 |     3 |     1 ||    42
         Phial of floods   |       |       |       |       |       |     2 |       |       |       ||     2
         Phantom mirror    |       |       |       |       |       |       |     1 |       |     2 ||     3
         Lightning rod     |       |       |       |       |       |       |     1 |       |       ||     1
         Condenser vane    |       |       |       |       |       |       |     1 |       |       ||     1
    Use: Scroll            |       |     2 |     8 |    11 |     4 |    12 |     2 |     2 |    34 ||    75
         Potion            |       |     3 |     6 |     7 |     3 |     7 |     2 |       |    32 ||    60
   Stab: Sleeping          |     5 |     8 |     1 |       |     2 |     8 |     9 |    10 |     4 ||    47
         Distracted        |       |     1 |     1 |     4 |    15 |    11 |    14 |    14 |    18 ||    78
         Paralysed         |       |       |       |     1 |     2 |       |       |       |       ||     3
         Invisible         |       |       |       |       |       |     4 |       |       |     1 ||     5
 Armour: Skin              |    25 |    42 |    77 |   207 |   215 |   146 |   297 |   410 |   593 ||  2012
  Dodge: Dodged            |    73 |   112 |   168 |   686 |  1297 |   811 |  1120 |  1965 |  3880 || 10112
  Block: Other             |       |       |       |       |       |       |       |   113 |       ||   113
   Form: Flux              |       |       |     1 |       |     1 |       |       |       |       ||     2
         Beast             |       |       |       |       |     1 |       |       |       |       ||     1
         Blade             |       |       |       |       |       |     2 |       |       |       ||     2
         Anaconda          |       |       |       |       |       |     1 |       |       |       ||     1
         Statue            |       |       |       |       |       |       |     1 |       |       ||     1
         Storm             |       |       |       |       |       |       |       |     1 |     2 ||     3
         Dragon            |       |       |       |       |       |       |       |       |     2 ||     2

Table legend: (Time is in decaauts)
 A = Elapsed time spent in this place.
 B = Non-inter-level travel time spent in this place.
 C = Inter-level travel time spent in this place.
 D = Time resting spent in this place.
 E = Time spent auto-exploring this place.
 F = Levels seen in this place.
 G = Mean time per level.
                   A        B        C        D        E       F      G
               +--------+--------+--------+--------+--------+-----+--------+
         Total |  79221 |  68996 |  10225 |  14022 |  33307 | 108 |  733.5 |
       Dungeon |  18252 |  14632 |   3620 |   3385 |   7208 |  15 | 1216.8 |
        Temple |     15 |     15 |      0 |      0 |      0 |   1 |   15.0 |
          Lair |   9244 |   7927 |   1317 |   2449 |   2908 |   5 | 1848.8 |
         Swamp |   4220 |   4100 |    120 |   1482 |   1726 |   4 | 1055.0 |
     Snake Pit |   4286 |   4150 |    136 |    715 |   1976 |   4 | 1071.5 |
    Slime Pits |    934 |    658 |    276 |      0 |    561 |   5 |  186.8 |
  Orcish Mines |   1595 |   1386 |    209 |     86 |    700 |   2 |  797.5 |
   Elven Halls |   4911 |   4774 |    137 |   2469 |   1349 |   3 | 1637.0 |
        Vaults |  10032 |   8676 |   1356 |    603 |   6152 |   5 | 2006.4 |
         Crypt |   2763 |   2193 |    570 |     90 |   1569 |   3 |  921.0 |
          Tomb |   2746 |   1994 |    752 |    637 |    646 |   3 |  915.3 |
        Depths |   7661 |   6733 |    928 |    505 |   4624 |   4 | 1915.2 |
          Hell |    608 |    554 |     54 |    117 |    191 |   1 |  608.0 |
           Dis |   1098 |   1019 |     79 |     38 |    182 |   7 |  156.9 |
       Gehenna |   1385 |   1246 |    139 |    193 |    499 |   7 |  197.9 |
       Cocytus |   1295 |   1276 |     19 |    160 |    343 |   7 |  185.0 |
      Tartarus |   1165 |   1007 |    158 |     76 |    603 |   7 |  166.4 |
           Zot |   2495 |   2150 |    345 |    426 |   1172 |   5 |  499.0 |
         Abyss |   1391 |   1391 |      0 |    137 |    214 |   6 |  231.8 |
   Pandemonium |   2538 |   2538 |      0 |    412 |    464 |  12 |  211.5 |
       Ossuary |    298 |    298 |      0 |     37 |     92 |   1 |  298.0 |
      Gauntlet |    280 |    280 |      0 |      0 |    125 |   1 |  280.0 |
               +--------+--------+--------+--------+--------+-----+--------+

Top non-repeatable levels by time:
Vaults:2: 2694 daAuts
  Lair:2: 2482 daAuts
Depths:3: 2361 daAuts
     D:8: 2193 daAuts
Vaults:4: 2177 daAuts
     D:9: 2047 daAuts
  Tomb:1: 1980 daAuts
   Elf:3: 1929 daAuts
Depths:4: 1917 daAuts
   Elf:2: 1908 daAuts
Vaults:5: 1906 daAuts
  Lair:5: 1837 daAuts
Depths:1: 1826 daAuts
    D:13: 1787 daAuts
 Snake:4: 1761 daAuts
